AoeStats
← Vakkil_Vandumurugan

Nomad

510339353Analyzed
2v2 RM · 2d ago on Sep 30, 2026· 43m 48s· 4 players
Game mode
Random Map
Map size
176×176
Population
200
Speed
Normal
Resources
Standard
Victory
Conquest
Starting age
Dark Age
Ending age
Imperial Age
RankedLock teamsTeams togetherTeam positionsShared explorationLock speedFull tech treeHidden civsTurbo modeCheats
Victory
Defeat
🇨🇴 Persians · Colombia
999
+13
🇨🇴 Franks · Colombia
947
+15
🇩🇪 Gurjaras · Germany
974
-15
🇮🇳 Varangians · India
902
-13
Joe_N0T_Exotic
11:32 Loom
15:31 Feudal Age
16:53 Double-Bit Axe
19:56 Castle Age
17:39 Horse Collar
20:57 Heavy Plow
21:08 Bow Saw
23:26 Fletching
32:16 Imperial Age
32:16 Gold Mining
33:05 Fishing Lines
42:41 Wheelbarrow
41:52 Town Watch
41:58 Stone Mining
42:41 Crop Rotation
43:27 Squires
43:12 Arson
44:33 Forging
Vakkil_Vandumurugan
4:36 Loom
14:45 Feudal Age
19:02 Castle Age
16:57 Double-Bit Axe
18:19 Horse Collar
21:02 Bow Saw
22:01 Forging
22:35 Medium Warships
22:53 Fletching
27:01 Wheelbarrow
26:15 Fishing Lines
26:40 Stone Mining
26:40 Gold Mining
27:23 Town Watch
28:13 Scale Barding Armor
29:20 Hand Cart
30:21 Bloodlines
30:11 Husbandry
30:44 Chain Barding Armor
30:34 Town Patrol
31:30 Kshatriyas
36:59 Imperial Age
37:04 Heavy Camel Rider
38:25 Plate Barding Armor
38:25 Iron Casting
38:34 Conscription
37:48 Elite Chakram Thrower
38:34 Scale Mail Armor
39:09 Iron Casting
41:48 Gold Shaft Mining
42:11 Chain Mail Armor
GPRK | LORD JOHFRE
5:03 Loom
13:16 Feudal Age
13:48 Double-Bit Axe
16:14 Bloodlines
24:33 Castle Age
23:09 Gold Mining
25:25 Husbandry
25:38 Forging
27:04 Scale Barding Armor
30:07 Iron Casting
31:03 Wheelbarrow
37:19 Imperial Age
35:53 Chain Barding Armor
36:57 Cavalier
43:12 Plate Barding Armor
43:38 Murder Holes
FELIPE41
3:10 Loom
13:47 Feudal Age
18:30 Double-Bit Axe
21:05 Castle Age
19:24 Forging
19:20 Scale Barding Armor
19:59 Gold Mining
20:03 Stone Mining
20:15 Fishing Lines
21:24 Wheelbarrow
22:49 Gold Shaft Mining
22:27 Bow Saw
23:43 Iron Casting
23:13 Husbandry
26:26 Town Watch
30:19 Hand Cart
38:01 Chain Barding Armor
42:06 Fletching
Connection lost

Rejoining the realm…

Still unreachable

The connection could not be restored.

Session expired

The server has moved on; the page needs a fresh start.